 Dungeon Crawl Stone Soup version 0.28.0-53-g5a82cb258f (webtiles) character file.

Game seed: 2110831118655531144

240 anyiome the Ducker (level 5, -6/53 HPs)
             Began as a Troll Fighter on Aug 26, 2022.
             Succumbed to a kobold's poison
             ... on level 4 of the Dungeon.
             The game lasted 00:05:38 (2462 turns).

anyiome the Ducker (Troll Fighter)                  Turns: 2462, Time: 00:05:38

Health: -6/53      AC:  4    Str: 24    XL:     5   Next: 79%
Magic:  4/4        EV:  9    Int:  4    God:
Gold:   182        SH:  9    Dex: 11    Spells: 4/4 levels left

rFire   . . .      SeeInvis .   a - +0 flail (flame)
rCold   . . .      Faith    .   c - +1 kite shield
rNeg    . . .      Spirit   .   b - +0 robe
rPois   .          Reflect  .   (helmet restricted)
rElec   .          Harm     .   (no cloak)
rCorr   .          Rampage  .   (gloves unavailable)
Will    .....                   (boots unavailable)
Stlth   +.........              (no amulet)
HPRegen 0.97/turn               (no ring)
MPRegen 0.09/turn               (no ring)

@: lethally poisoned (-6 -> -34), studying Dodging
A: large, unfitting armour, claws 3, regeneration 1, shaggy fur 1, tough skin 1
a: no special abilities


You were on level 4 of the Dungeon.
You visited 1 branch of the dungeon, and saw 4 of its levels.

You collected 182 gold pieces.

Inventory:

Hand Weapons
 a - a +0 flail of flaming (weapon)
Armour
 b - a +0 robe (worn)
 c - a +1 kite shield (worn)
Potions
 d - a potion of might
 l - 2 potions of mutation
 m - a potion of lignification {unknown}
 o - a potion of flight {unknown}


   Skills:
 + Level 3.4 Fighting
 + Level 3.1 Maces & Flails
 + Level 3.5 Dodging
 + Level 3.3 Shields


You had 4 spell levels left.
You didn't know any spells.
Your spell library contained the following spells:

 Spells                   Type           Power      Damage    Failure   Level
 Confusing Touch          Hex            0%         N/A       99%         3
 Yara's Violent Unravell  Hex/Tmut       0%         3d3       100%        5
 Enfeeble                 Hex            0%         N/A       100%        7


Dungeon Overview and Level Annotations

Branches:
Dungeon (4/15)
 Temple: D:4-7

Altars:
Vehumet
Xom


Innate Abilities, Weirdness & Mutations

You are too large for most types of armour.
You have claws for hands.
Your natural rate of healing is unusually fast.
You are covered in fur. (AC +1)
You have tough skin. (AC +1)


Message History

The goblin is almost dead.
You block the goblin's attack. You block the adder skeleton's attack.
You barely miss the goblin.
The goblin is almost dead.
The goblin hits you but does no damage. The adder skeleton closely misses you.
You block the goblin's attack.
You hit the goblin. You burn the goblin.
You kill the goblin!
You block the adder skeleton's attack. x2
You closely miss the adder skeleton. You block the adder skeleton's attack.
The kobold hits you with a +1 short sword of venom.
You are poisoned.
You block the adder skeleton's attack. The kobold hits you but does no damage.
You are more poisoned.
You thump the adder skeleton! You burn the adder skeleton.
The adder skeleton is almost destroyed.
You feel extremely sick.
The kobold hits you with a +1 short sword of venom.
You are more poisoned.
You barely miss the worm.
You feel extremely sick. The kobold hits you but does no damage.
You are more poisoned.
You hit the worm. You burn the worm.
The worm is moderately wounded.
You feel extremely sick. The kobold hits you but does no damage.
You are more poisoned.
The worm bites you.
The kobold hits you with a +1 short sword of venom.
You are lethally poisoned!
* * * LOW HITPOINT WARNING * * *
You feel extremely sick.
* * * LOW HITPOINT WARNING * * *
You feel extremely sick.
The kobold hits you with a +1 short sword of venom.
* * * LOW HITPOINT WARNING * * *
You are more poisoned.
You see here 17 bolts.
You die...

... ....###.####### # #.#
#.(........... ###. #..
#..###.#######
...###..)###......#######
#.....##............[...
...................###
### #.Z###.#...#..######
)...##wK###.#...#.......#
........(@.........####.#
######..##..#.###..# #.#
#........# #..# #.#
#........###.## #.##
#####........# #...
#.####.### #..# #.# .#.
###..# #.# #.# #)...# #.#
#.# #.##.#


You could see a worm and a kobold.

Vanquished Creatures
  A scorpion (D:3)
  An iguana (D:4)
  4 adders
  3 gnolls (D:3)
  An orc (D:3)
  4 endoplasms
  19 giant cockroaches
  13 goblins
  7 hobgoblins
  9 kobolds
  A quokka (D:3)
  9 ball pythons
  5 bats
  4 frilled lizards
  4 rats
85 creatures vanquished.

Notes
Turn   | Place    | Note
-------+----------+-------------------------------------------
     0 | D:1      | anyiome the Troll Fighter began the quest for the Orb.
     0 | D:1      | Reached XP level 1. HP: 22/22 MP: 0/0
   138 | D:1      | Reached XP level 2. HP: 23/29 MP: 1/1
   645 | D:1      | Found a faded altar of an unknown god.
   653 | D:1      | Reached XP level 3. HP: 36/36 MP: 2/2
  1044 | D:2      | Found a shimmering altar of Xom.
  1142 | D:2      | Reached XP level 4. HP: 44/44 MP: 3/3
  1672 | D:3      | Found a radiant altar of Vehumet.
  1713 | D:3      | Noticed a scorpion
  1719 | D:3      | Killed a scorpion
  1720 | D:3      | Reached XP level 5. HP: 47/53 MP: 4/4
  2290 | D:3      | Identified a scroll of acquirement
  2290 | D:3      | Acquired a manual of Dodging
  2461 | D:4      | HP: 1/53 [kobold/+1 short sword of venom (5)]
  2462 | D:4      | Succumbed to a kobold's poison

Illustrated notes

Levels and vault maps discovered:
D:1:      ncdulo_wetmaze, layout_loops_corners,
          nicolae_ecumenical_snake_handling
D:2:      minmay_roachtagon, layout_basic, minmay_hexomino_r4
D:3:      layout_loops_cross, mainiacjoe_overflow_tiny_flanked
D:4:      layout_loops_ring

Skill      XL: |  1  2  3  4  5 |
---------------+----------------+-----
Maces & Flails | 2 3 |  3.1
Dodging        | 3 |  3.5
Fighting       | 3 |  3.4
Shields        | 3 |  3.3

Action                   |  1- 3 |  4- 6 || total
-------------------------+-------+-------++-------
Melee: Flail             |   157 |   152 ||   309
  Use: Scroll            |       |     8 ||     8
Armor: Robe              |    94 |    53 ||   147
Dodge: Dodged            |    96 |    67 ||   163
Block: Kite shield       |    89 |    68 ||   157
